 Dungeon Sprint DCSS version 0.31-a0-656-gb4d89c20fa (webtiles) character file.

Game seed: 14135445189170297282

528 rocky1 the Grappler (level 7, -3/50 HPs)
             Began as a Demonspawn Shapeshifter on Aug 31, 2023.
             Was an Initiate of Gozag.
             Slain by a two-headed ogre
             ... wielding a +0 giant club
              (6 damage)
             ... in the Dungeon (Sprint IX: "|||||||||||||||||||||||||||||").
             The game lasted 00:01:20 (164 turns).

rocky1 the Grappler (Demonspawn Shapeshifter)        Turns: 164, Time: 00:01:21

Health: -3/50      AC: 14    Str: 15    XL:     7   Next: 3%
Magic:  0/12       EV:  5    Int: 16    God:    Gozag
Gold:   0          SH:  0    Dex: 12    Spells: 12/12 levels left

rFire   . .          .
                       - Unarmed
rCold   . . .        (no shield)
rNeg    . . .        p - +0 plate armour
rPois   .            (helmet currently unavailable)
rElec   .            (cloak currently unavailable)
rCorr   .            (gloves currently unavailable)
SInv    .            (boots currently unavailable)
Will    .....        (no amulet) Stlth
                     q - +2 ring of protection
HPRegen 0.28/turn    r - +3 ring of intelligence
MPRegen 0.26/turn

%: no teleportation, guardian spirit
@: beast-form
A: beast (slay +4), powered by death 1, magic shield, magic regeneration, sharp
scales 2
a: Begin Untransformation, Renounce Religion, Potion Petition, Call Merchant,
Bribe Branch


You were in the Dungeon.
You worshipped Gozag.
Gozag was noncommittal.
You were a hulking beast.
You visited 1 branch

Inventory:

Hand Weapons
 n - the +8 autumn katana {manifold assault}
   (You found it in the Dungeon)
Armour
 a - a +0 animal skin
 o - a +0 helmet
 p - a +0 plate armour (worn)
Jewellery
 q - a +2 ring of protection (left hand)
 r - a +3 ring of intelligence (right hand)
Talismans
 c - a beast talisman (active)
 d - a flux talisman
Wands
 m - a wand of acid (10)
Scrolls
 j - 2 scrolls of blinking
 l - 2 scrolls of amnesia
Potions
 b - a potion of lignification
 e - 5 potions of curing
 f - a potion of heal wounds
 g - a potion of haste
 h - 4 potions of magic
 i - a potion of berserk rage
 k - a potion of invisibility


   Skills:
 + Level 2.0 Fighting
 * Level 3.3 Long Blades
 + Level 1.2 Armour
 + Level 3.9 Dodging
 + Level 2.6 Stealth
 + Level 8.9 Unarmed Combat
 * Level 3.3 Spellcasting
 + Level 8.1 Shapeshifting


You had 12 spell levels left.
You didn't know any spells.
Your spell library was empty.

Dungeon Overview and Level Annotations

Branches:
Dungeon (1/1)

Altars:
Cheibriados
Dithmenos
Fedhas
Gozag
Hepliaklqana
Kikubaaqudgha
Makhleb
Nemelex Xobeh
Okawaru
Qazlal
Ru
Sif Muna
Trog
Uskayaw
Vehumet
Wu Jian
Xom
Yredelemnul
Jiyva
Lugonu


Innate Abilities, Weirdness & Mutations

You are a hulking beast.
Your limbs bulge with bestial killing power. (Slay +4)
You regenerate a little health from kills.
When hurt, damage is shared between your health and your magic reserves.
You regenerate magic rapidly.
You are mostly covered in razor-sharp scales. (AC +2, Slay +2)


Message History

The gnoll sergeant barely misses you.
There is an open door to the Dungeon, spattered with blood here.
You see here 207 gold pieces.
You hit the gnoll sergeant.
The gnoll sergeant is lightly wounded.
You hit the two-headed ogre.
The two-headed ogre is lightly wounded.
The gnoll sergeant barely misses you.
You barely miss the two-headed ogre.
The two-headed ogre is lightly wounded.
The troll is no longer distracted by gold.
The gnoll sergeant hits you from afar with a +0 spear of freezing!
The gnoll sergeant freezes you.
The two-headed ogre hits you but does no damage.
The two-headed ogre barely misses you.
You feel much better.
The gnoll sergeant hits you but does no damage.
You punch the two-headed ogre!
The two-headed ogre is moderately wounded.
The two-headed ogre hits you with a +0 giant club!
The two-headed ogre hits you with a +0 dire flail!
You hit the two-headed ogre.
The two-headed ogre is heavily wounded.
The howler monkey hoots and howls with incredible vigour!
The gnoll sergeant hits you from afar with a +0 spear of freezing!
The gnoll sergeant freezes you.
You hear a roar!
You hear an angry buzzing noise.
You punch the two-headed ogre!
The two-headed ogre is severely wounded.
The two-headed ogre hits you with a +0 giant club!
The two-headed ogre hits you with a +0 dire flail!
* * * LOW HITPOINT WARNING * * *
The gnoll sergeant barely misses you.
You barely miss the two-headed ogre.
The two-headed ogre is severely wounded.
The gnoll sergeant hits you but does no damage.
The two-headed ogre barely misses you.
The two-headed ogre hits you with a +0 dire flail.
You die...
Your body crumbles into a pile of gold.

▓+▓
▓.▓
▓.▓
▓T▓
▓h▓
▓g▓
▓O▓
▓h▓
▓.▓
▓.▓
▓.▓
▓[▓
▓.▓
▓.▓
▓)▓
▓.▓


You could see a two-headed ogre, a troll, a gnoll sergeant and a howler monkey.

Vanquished Creatures
  A yak (D)
  A shadow (D)
  An ogre (D)
  A phantom (D)
  A jelly (D)
  A sleepcap (D)
  A worm (D)
  A goblin (D)
  A hobgoblin (D)
  A kobold (D)
  2 rats (D)
12 creatures vanquished.

Notes
Turn   | Place    | Note
-------+----------+-------------------------------------------
     0 | D        | rocky1 the Demonspawn Shapeshifter began the quest for the
                  | Orb.
     0 | D        | Reached XP level 1. HP: 15/15 MP: 1/1
    22 | D        | Noticed a sleepcap
    22 | D        | Noticed a phantom
    22 | D        | Noticed a jelly
    22 | D        | Noticed an ogre
    28 | D        | Killed an ogre
    29 | D        | Reached skill level 5 in Unarmed Combat
    29 | D        | Reached skill level 5 in Shapeshifting
    29 | D        | Gained mutation: You regenerate magic rapidly. [demonic
                  | ancestry]
    29 | D        | Reached XP level 2. HP: 21/21 MP: 2/2
    29 | D        | Gained mutation: You are partially covered in razor-sharp
                  | scales. (AC +1, Slay +1) [demonic ancestry]
    29 | D        | Reached XP level 3. HP: 26/26 MP: 3/3
    29 | D        | Reached XP level 4. HP: 32/32 MP: 4/4
    35 | D        | Reached skill level 1 in Stealth
    40 | D        | Killed a phantom
    41 | D        | Gained mutation: When hurt, damage is shared between your
                  | health and your magic reserves. [demonic ancestry]
    41 | D        | Reached XP level 5. HP: 29/38 MP: 5/5
    86 | D        | Found a snail-covered altar of Cheibriados.
    86 | D        | Found a shadowy altar of Dithmenos.
    86 | D        | Found a blossoming altar of Fedhas.
    86 | D        | Found an opulent altar of Gozag.
    87 | D        | Found a hazy altar of Hepliaklqana.
    88 | D        | Found a viscous altar of Jiyva.
    89 | D        | Found an ancient bone altar of Kikubaaqudgha.
    90 | D        | Found a corrupted altar of Lugonu.
    91 | D        | Found a burning altar of Makhleb.
    92 | D        | Found a sparkling altar of Nemelex Xobeh.
    93 | D        | Found an iron altar of Okawaru.
    94 | D        | Became a worshipper of Gozag Ym Sagoz the Greedy
    95 | D        | Found a stormy altar of Qazlal.
    96 | D        | Found a sacrificial altar of Ru.
    97 | D        | Found a shimmering blue altar of Sif Muna.
    98 | D        | Found a bloodstained altar of Trog.
    99 | D        | Found a hide-covered altar of Uskayaw.
   100 | D        | Found a radiant altar of Vehumet.
   101 | D        | Found an ornate altar of the Wu Jian Council.
   102 | D        | Found a shimmering altar of Xom.
   103 | D        | Found a basalt altar of Yredelemnul.
   113 | D        | Found the +8 autumn katana {manifold assault}
   144 | D        | Noticed a troll
   144 | D        | Noticed a two-headed ogre
   144 | D        | Noticed a shadow
   144 | D        | Noticed a yak
   148 | D        | Killed a yak
   149 | D        | Gained mutation: You are mostly covered in razor-sharp
                  | scales. (AC +2, Slay +2) [demonic ancestry]
   149 | D        | Reached XP level 6. HP: 25/44 MP: 3/9
   155 | D        | Killed a shadow
   156 | D        | Reached skill level 1 in Armour
   156 | D        | Gained mutation: You regenerate a little health from kills.
                  | [demonic ancestry]
   156 | D        | Reached XP level 7. HP: 33/50 MP: 0/12
   164 | D        | Slain by a two-headed ogre

Illustrated notes

Levels and vault maps discovered:
D:        linesprint [early_d, line_temple, items_1, d_10, items_2, lair_1,
          lair_end, items_3, orc_1, orc_end, items_4, d_15, swamp_1, shoals_1,
          snake_1, spider_1, d_20, vaults_1, items_5, swamp_end, shoals_end,
          snake_end, spider_end, vaults_end, d_27, items_6, zot_1, zot_end,
          crypt_end, forest_end, elf_end, slime_end, tomb_end, abyss_end,
          pan_hell_end]

Skill      XL: |  1  2  3  4  5  6 |
---------------+-------------------+-----
Unarmed Combat | 5 7 8 |  8.9
Dodging        | 2 3 |  3.9
Shapeshifting  | 5 6 7 8 |  8.1
Stealth        | 1 2 |  2.6
Long Blades    | 2 3 |  3.3
Spellcasting   | 2 3 |  3.3
Fighting       | 2 |  2.0
Armour         | 1 |  1.2

Action                     |  1- 3 |  4- 6 |  7- 9 || total
---------------------------+-------+-------+-------++-------
  Melee: Unarmed           |    12 |    25 |     7 ||    44
         Punch             |       |     3 |       ||     3
    Use: Potion            |       |     1 |     1 ||     2
   Stab: Sleeping          |     1 |     1 |       ||     2
 Armour: Animal skin       |       |     2 |       ||     2
         Plate armour      |       |     5 |     3 ||     8
  Dodge: Dodged            |     4 |     6 |     5 ||    15

Table legend: (Time is in decaauts)
 A = Elapsed time spent in this place.
 B = Non-inter-level travel time spent in this place.
 C = Inter-level travel time spent in this place.
 D = Time resting spent in this place.
 E = Time spent auto-exploring this place.
 F = Levels seen in this place.
 G = Mean time per level.
                   A        B        C        D        E       F      G
               +--------+--------+--------+--------+--------+-----+--------+
         Total |    157 |    157 |      0 |     42 |      0 |   1 |  157.0 |
       Dungeon |    157 |    157 |      0 |     42 |      0 |   1 |  157.0 |
               +--------+--------+--------+--------+--------+-----+--------+

Top non-repeatable levels by time:
       D: 157 daAuts
